 Dungeon Crawl Stone Soup version 0.26.0-16-gc1dbca0489 (webtiles) character file.

Game seed: 18292927818894301436

110 DungeonDestroyer the Shield-Bearer (level 4, -1/41 HPs)
             Began as a Gnoll Fighter on Jan 18, 2021.
             Killed by divine providence
             ... invoked by an orc priest
              (10 damage)
             ... on level 4 of the Dungeon.
             The game lasted 00:05:50 (2498 turns).

DungeonDestroyer the Shield-Bearer (Gnoll Fighter)  Turns: 2498, Time: 00:05:50

Health: -1/41      AC:  9    Str: 17 (20) XL:     4   Next: 91%
Magic:  5/5        EV:  8    Int:  7 (10) God:
Gold:   64         SH: 10    Dex: 11 (14) Spells: 5/5 levels left

rFire    . . .     SeeInvis .   a - +0 trident
rCold    . . .     Faith    .   c - +0 kite shield
rNeg     . . .     Spirit   .   b - +0 scale mail
rPois    .         Reflect  .   h - +0 helmet
rElec    .         Harm     .   (no cloak)
rCorr    .         Rampage  .   (no gloves)
Will     .....                  (no boots)
Stlth    ..........             g - amulet of the acrobat
HPRegen  0.13/turn              (no ring)
MPRegen  0.09/turn              (no ring)

@: lethally poisoned (-1 -> -2)
A: distributed training, fangs 1, strong nose
a: no special abilities


You were on level 4 of the Dungeon.
You visited 1 branch of the dungeon, and saw 4 of its levels.

You collected 64 gold pieces.

Inventory:

Hand Weapons
 a - a +0 trident (weapon)
Missiles
 k - 2 javelins (quivered)
Armour
 b - a +0 scale mail (worn)
 c - a +0 kite shield (worn)
 h - a +0 helmet (worn)
Jewellery
 g - an amulet of the acrobat (around neck)
 n - an uncursed amulet of guardian spirit
Scrolls
 f - a scroll of identify
 l - a scroll of magic mapping
Potions
 d - 2 potions of might
 e - 3 potions of curing
 i - a potion of heal wounds
 j - a potion of flight


   Skills:
 + Level 6.6 Fighting
 + Level 1.2 Short Blades
 + Level 1.2 Long Blades
 + Level 1.2 Axes
 + Level 1.2 Maces & Flails
 + Level 4.7 Polearms
 + Level 1.2 Staves
 + Level 1.2 Slings
 + Level 1.2 Bows
 + Level 1.2 Crossbows
 + Level 1.2 Throwing
 + Level 6.6 Armour
 + Level 1.2 Dodging
 + Level 1.2 Stealth
 + Level 6.6 Shields
 + Level 1.2 Unarmed Combat
 + Level 1.2 Spellcasting
 + Level 1.0 Conjurations
 + Level 1.0 Hexes
 + Level 1.0 Summonings
 + Level 1.0 Necromancy
 + Level 1.0 Translocations
 + Level 1.0 Transmutations
 + Level 1.0 Fire Magic
 + Level 1.0 Ice Magic
 + Level 1.0 Air Magic
 + Level 1.0 Earth Magic
 + Level 1.0 Poison Magic
 + Level 1.4 Invocations
 + Level 1.2 Evocations


You had 5 spell levels left.
You didn't know any spells.
Your spell library was empty.

Dungeon Overview and Level Annotations

Branches:
Dungeon (4/15)
 Temple: D:4-7

Altars:


Innate Abilities, Weirdness & Mutations

Your experience applies equally to all skills.
You have very sharp teeth.
Your uncanny sense of smell can sniff out nearby items.


Message History

Something hits you.
Unknown command.
You hit something.
You feel sick.
The orc priest looks satisfied for a moment.
The worker ant barely misses you.
You hear some strange, mumbled words.
A puff of frost appears from out of thin air!
The puff of frost hits you.
Unknown command.
You hit something.
You hear some strange, mumbled words.
A magic dart appears from out of thin air!
The magic dart hits you.
* * * LOW HITPOINT WARNING * * *
The worker ant bites you but does no damage.
Something hits you but does no damage.
The worker ant bites you but does no damage.
The orc priest mumbles some strange prayers to Beogh against you.
Beogh smites you!
You die...

## ..#
###..### #
#......#
##..#.###.#..#
.....o{@B<...#
#.....######.#
##... #.. ...
##


You could see a worker ant and an orc priest.

Vanquished Creatures
  A worker ant (D:3)
  2 adders
  An ooze (D:3)
  2 leopard geckos (D:1)
  8 orcs
  7 bats
  2 giant cockroaches
  4 goblins
  6 hobgoblins
  7 jackals
  2 frilled lizards
  3 kobolds (D:1)
  4 rats
  2 bushes (D:1)
51 creatures vanquished.

Vanquished Creatures (others)
  5 plants (D:1)
5 creatures vanquished.

Grand Total: 56 creatures vanquished

Notes
Turn   | Place    | Note
-------+----------+-------------------------------------------
     0 | D:1      | DungeonDestroyer the Gnoll Fighter began the quest for the
                  | Orb.
     0 | D:1      | Reached XP level 1. HP: 23/23 MP: 1/1
    96 | D:1      | Reached XP level 2. HP: 29/29 MP: 2/2
   413 | D:1      | Reached XP level 3. HP: 32/35 MP: 3/3
  1227 | D:2      | Reached skill level 1 in Invocations
  1630 | D:3      | Reached skill level 1 in Short Blades
  1630 | D:3      | Reached skill level 1 in Long Blades
  1630 | D:3      | Reached skill level 1 in Axes
  1630 | D:3      | Reached skill level 1 in Maces & Flails
  1630 | D:3      | Reached skill level 1 in Staves
  1630 | D:3      | Reached skill level 1 in Slings
  1630 | D:3      | Reached skill level 1 in Bows
  1630 | D:3      | Reached skill level 1 in Crossbows
  1630 | D:3      | Reached skill level 1 in Throwing
  1630 | D:3      | Reached skill level 1 in Dodging
  1630 | D:3      | Reached skill level 1 in Stealth
  1630 | D:3      | Reached skill level 1 in Unarmed Combat
  1630 | D:3      | Reached skill level 1 in Spellcasting
  1630 | D:3      | Reached skill level 1 in Evocations
  1671 | D:3      | Reached XP level 4. HP: 39/41 MP: 5/5
  2087 | D:3      | Reached skill level 1 in Conjurations
  2087 | D:3      | Reached skill level 1 in Hexes
  2087 | D:3      | Reached skill level 1 in Summonings
  2087 | D:3      | Reached skill level 1 in Necromancy
  2087 | D:3      | Reached skill level 1 in Translocations
  2087 | D:3      | Reached skill level 1 in Transmutations
  2087 | D:3      | Reached skill level 1 in Fire Magic
  2087 | D:3      | Reached skill level 1 in Ice Magic
  2087 | D:3      | Reached skill level 1 in Air Magic
  2087 | D:3      | Reached skill level 1 in Earth Magic
  2087 | D:3      | Reached skill level 1 in Poison Magic
  2498 | D:4      | Killed from afar by an orc priest

Illustrated notes

Levels and vault maps discovered:
D:1:      ncdulo_wetmaze, layout_loops_ring, serial_forest,
          infiniplex_forest_clump_cross, infiniplex_forest_straight_2,
          infiniplex_forest_straight_3, infiniplex_forest_zigzag_1,
          infiniplex_forest_end_2, infiniplex_forest_end_2,
          infiniplex_forest_end_2, nrook_uturn, minmay_misc_feat_square
D:2:      layout_loops_ring
D:3:      layout_basic
D:4:      layout_loops_corners, temple_green

Skill      XL: |  1  2  3  4 |
---------------+-------------+-----
Invocations    | 1 |  1.4
Short Blades   | 1 |  1.2
Long Blades    | 1 |  1.2
Axes           | 1 |  1.2
Maces & Flails | 1 |  1.2
Staves         | 1 |  1.2
Slings         | 1 |  1.2
Bows           | 1 |  1.2
Crossbows      | 1 |  1.2
Throwing       | 1 |  1.2
Dodging        | 1 |  1.2
Stealth        | 1 |  1.2
Unarmed Combat | 1 |  1.2
Spellcasting   | 1 |  1.2
Evocations     | 1 |  1.2
Conjurations   | 1 |  1.0
Hexes          | 1 |  1.0
Summonings     | 1 |  1.0
Necromancy     | 1 |  1.0
Translocations | 1 |  1.0
Transmutations | 1 |  1.0
Fire Magic     | 1 |  1.0
Ice Magic      | 1 |  1.0
Air Magic      | 1 |  1.0
Earth Magic    | 1 |  1.0
Poison Magic   | 1 |  1.0
Fighting       | |  6.6
Polearms       | |  4.7
Armour         | |  6.6
Shields        | |  6.6

Action                   |  1- 3 |  4- 6 || total
-------------------------+-------+-------++-------
Melee: Trident           |   218 |    61 ||   279
       Bite              |    39 |     5 ||    44
  Use: Potion            |     5 |     1 ||     6
       Scroll            |     2 |     1 ||     3
Armor: Scale mail        |    28 |    20 ||    48
Dodge: Dodged            |    15 |    23 ||    38
Block: Kite shield       |    42 |    23 ||    65
